 Dungeon Crawl Stone Soup version 0.25-a0-479-g8579842fd4 (webtiles) character file.

Game seed: 15593811097843742528, levelgen mode: deterministic

25 Kohma the Digger (level 3, -9/19 HPs)
             Began as a Gargoyle Earth Elementalist on Feb 9, 2020.
             Mangled by Crazy Yiuf
             ... wielding a +4 quarterstaff of chaos
              (12 damage)
             ... on level 2 of the Dungeon.
             The game lasted 00:02:19 (912 turns).

Kohma the Digger (Gargoyle Earth Elementalist)       Turns: 912, Time: 00:02:19

Health: -9/19      AC:  5    Str: 11    XL:     3   Next: 4%
Magic:  3/6        EV: 12    Int: 16    God:
Gold:   39         SH:  0    Dex: 10    Spells: 3/6 levels left

rFire    . . .     SeeInvis .   m - +4 short sword
rCold    . . .     Gourm    .   (no shield)
rNeg     + . .     Faith    .   c - +0 robe
rPois    ∞         Spirit   .   (no helmet)
rElec    +         Reflect  .   (no cloak)
rCorr    .         Harm     .   (no gloves)
MR       .....                  (no boots)
Stlth    ++........             (no amulet)
HPRegen  0.06/turn              i - ring of flight
MPRegen  0.10/turn              (no ring)

@: no status effects
A: negative energy resistance 1, electricity resistance, unbreathing,
petrification resistance, rot immunity, AC +3
a: Evoke Flight


You were on level 2 of the Dungeon.
You were not hungry.

You visited 1 branch of the dungeon, and saw 2 of its levels.

You collected 39 gold pieces.

Inventory:

Hand Weapons
 e - a +0 mace of holy wrath
 m - a +4 short sword (weapon)
Missiles
 b - 57 stones (quivered)
 h - 9 sling bullets
Armour
 c - a +0 robe (worn)
Jewellery
 i - a ring of flight (left hand)
Scrolls
 j - 3 scrolls of identify {unknown}
Potions
 a - a potion of might {unknown}
 f - 2 potions of flight {unknown}
 k - a potion of haste {unknown}
 l - a potion of berserk rage {unknown}
Comestibles
 d - 5 rations


   Skills:
 - Level 1.5 Dodging
 - Level 2.1 Stealth
 + Level 2.4 Spellcasting
 + Level 0.9 Transmutations
 * Level 4.5 Earth Magic


You had 3 spell levels left.
You knew the following spells:

 Your Spells              Type           Power        Failure   Level  Hunger
a - Sandblast             Erth           ###...       3%          1    #......
b - Passwall              Tmut/Erth      ##......     10%         2    ###....

Your spell library contained the following spells:

 Spells                   Type           Power        Failure   Level  Hunger
 Stone Arrow              Conj/Erth      #.....       24%         3    ###....
 Petrify                  Tmut/Erth      ##......     54%         4    #####..
 Lee's Rapid Deconstruct  Erth           ###.......   63%         5    ######.


Dungeon Overview and Level Annotations

Branches:
Dungeon (2/15)

Altars:

Annotations:
D:2 Crazy Yiuf


Innate Abilities, Weirdness & Mutations

You are resistant to torment.
Your stone body is resilient. (AC +3)
You are immune to poison.
You resist negative energy. (rN+)
You are resistant to electric shocks. (rElec)
You can survive without breathing.
You are immune to petrification.
You are immune to rotting.


Message History

Press: ? - help, Shift-Dir - straight line, f/p - Crazy Yiuf
Aim: Crazy Yiuf, wielding a +4 quarterstaff of chaos and wearing a +0 cloak (moderately wounded)
The blast of sand hits Crazy Yiuf.
Crazy Yiuf is moderately wounded.
b - 58 stones Crazy Yiuf hits you with a +4 quarterstaff of chaos!
Ouch! That really hurt!
Crazy Yiuf freezes you.
* * * LOW HITPOINT WARNING * * *
Casting: Sandblast (safe; 3% risk of failure)
Confirm with . or Enter, or press ? or * to list all spells.
Aiming: Sandblast (safe; 3% risk of failure)
Press: ? - help, Shift-Dir - straight line, f/p - Crazy Yiuf
Aim: Crazy Yiuf, wielding a +4 quarterstaff of chaos and wearing a +0 cloak (moderately wounded)
The blast of sand misses Crazy Yiuf.
b - 57 stones Crazy Yiuf cries, "You leg down broken song, no?"
Crazy Yiuf hits you with a +4 quarterstaff of chaos!
Ouch! That really hurt!
You die...

#.####.....#......
#.# ####### ##...
#.# #.# #####
#.### #)..# #...#
#...# ###.# ...
#.# #g# #.# #@##
#.# ##.# #.# #.##
#.# ##.# #.# ##.##
#.# ##)).# #.#
#P))P# #.# ##..##
#.####).))#


You could see Crazy Yiuf.

Vanquished Creatures
  2 dart slugs (D:1)
  2 leopard geckos (D:1)
  2 giant cockroaches (D:1)
  4 goblins (D:1)
  A ball python (D:1)
  3 bats
  4 kobolds
  A rat (D:1)
19 creatures vanquished.

Vanquished Creatures (others)
  A bat (D:1)
1 creature vanquished.

Grand Total: 20 creatures vanquished

Notes
Turn   | Place    | Note
-------+----------+-------------------------------------------
     0 | D:1      | Kohma the Gargoyle Earth Elementalist began the quest for
                  | the Orb.
     0 | D:1      | Reached XP level 1. HP: 10/10 MP: 3/3
   119 | D:1      | Reached skill level 4 in Earth Magic
   270 | D:1      | Reached XP level 2. HP: 12/15 MP: 5/5
   567 | D:1      | Learned a level 2 spell: Passwall
   661 | D:1      | Reached XP level 3. HP: 19/19 MP: 6/6
   905 | D:2      | Found a runed translucent door.
   906 | D:2      | Noticed Crazy Yiuf
   912 | D:2      | Mangled by Crazy Yiuf

Levels and vault maps discovered:
D:1:      saegor_arrival_simple_e, layout_loops_cross
D:2:      minmay_skewed_foursquare, layout_basic, first_ration,
          uniq_crazy_yiuf_cottage

Skill      XL: |  1 |
---------------+----+-----
Earth Magic    | 4 |  4.5
Dodging        | |  1.5
Stealth        | |  2.1
Spellcasting   | |  2.4
Transmutations | |  0.9

Action                   || total
-------------------------++-------
Melee: Mace              ||    34
       Short sword       ||     6
 Cast: Sandblast         ||    12
 Stab: Sleeping          ||     1
Armor: Robe              ||    17
Dodge: Dodged            ||    37

Table legend:
 A = Non-vault XP
 B = Vault XP
 C = Vault XP percentage of total XP
 D = Non-vault monster count
 E = Vault monster count
 F = Vault count percentage of total count
                 A         B        C        D         E       F
            +---------+---------+-------+---------+---------+-------
      Total |      36 |       0 |   0.0 |      19 |       0 |   0.0
            +---------+---------+-------+---------+---------+-------
        D:1 |      34 |       0 |   0.0 |      17 |       0 |   0.0
        D:2 |       2 |       0 |   0.0 |       2 |       0 |   0.0
            +---------+---------+-------+---------+---------+-------
